 Dungeon Crawl Stone Soup version 0.31.0-9-g3a7656b989 (webtiles) character file.

Game seed: 13284736195529405979

165 stipulation the Ruffian (level 5, -2/45 HPs)
             Began as a Ghoul Monk on Jan 24, 2024.
             Slain by an ogre
             ... wielding a +0 giant club
              (10 damage)
             ... on level 4 of the Dungeon.
             The game lasted 00:01:14 (2775 turns).

stipulation the Ruffian (Ghoul Monk)                Turns: 2775, Time: 00:01:15

Health: -2/45      AC:  7    Str: 17    XL:     5   Next: 46%
Magic:  5/5        EV: 10    Int:  9    God:
Gold:   122        SH:  0    Dex: 11    Spells: 4/4 levels left

rFire   . .          .
                       - Unarmed
rCold   + . .        c - orb {light}
rNeg    + + +        e - +0 scale mail
rPois   ∞            o - +0 helmet
rElec   .            (no cloak)
rCorr   .            (no gloves)
SInv    .            (no boots)
Will    .....        (no amulet) Stlth
                     (no ring)
HPRegen 0.00/turn    (no ring)
MPRegen 0.09/turn

%: no passive effects
@: inhibited regen, glowing
A: claws 1, cold resistance 1, negative energy resistance 3, inhibited
regeneration, torment resistance 2, devour on kill
a: no special abilities


You were on level 4 of the Dungeon.
You visited 1 branch of the dungeon, and saw 4 of its levels.

You collected 122 gold pieces.

Inventory:

Armour
 a - a +0 robe
 c - an orb of light (worn)
 e - a +0 scale mail (worn)
 o - a +0 helmet (worn)
Jewellery
 d - a ring of willpower
 i - an amulet of faith
Scrolls
 f - 5 scrolls of identify {unknown}
 h - 2 scrolls of poison {unknown}
 j - a scroll of acquirement {unknown}
 k - a scroll of blinking {unknown}
 m - 2 scrolls of teleportation {unknown}
 q - a scroll of enchant weapon {unknown}
 r - a scroll of enchant armour {unknown}
 s - 2 scrolls of revelation {unknown}
 t - a scroll of vulnerability {unknown}
Potions
 b - 2 potions of ambrosia
 g - a potion of lignification {unknown}
 l - 6 potions of curing {unknown}
 n - a potion of brilliance {unknown}
 p - a potion of might {unknown}


   Skills:
 - Level 3.2 Fighting
 - Level 2.6 Dodging
 + Level 6.6 Unarmed Combat


You had 4 spell levels left.
You didn't know any spells.
Your spell library contained the following spells:

 Spells                   Type           Power      Damage    Failure   Level
 Summon Small Mammal      Summ           0%         N/A       83%         1
 Call Canine Familiar     Summ           0%         N/A       99%         3
 Animate Dead             Necr           0%         N/A       100%        4
 Summon Blazeheart Golem  Fire/Summ      0%         N/A       100%        4
 Haunt                    Necr/Summ      0%         N/A       100%        7
 Infestation              Necr           0%         N/A       100%        8


Dungeon Overview and Level Annotations

Branches:
Dungeon (4/15)
 Temple: D:4-7

Altars:
Gozag


Innate Abilities, Weirdness & Mutations

You are immune to poison.
You have sharp fingernails.
Your flesh is cold resistant. (rC+)
You are immune to negative energy. (rN+++)
You do not regenerate when monsters are visible.
You are immune to unholy pain and torment.
You thrive by killing the living.


Message History

You scratch the ogre but do no damage. You scratch the ogre but do no damage.
The ogre hits you with a +0 giant club!!
Ouch! That really hurt!
* * * LOW HITPOINT WARNING * * *
You are too injured to fight recklessly!
You are too injured to fight recklessly!
You are too injured to fight recklessly!
You are too injured to fight recklessly!
You are too injured to fight recklessly!
You are too injured to fight recklessly!
You are too injured to fight recklessly!
You are too injured to fight recklessly!
You are too injured to fight recklessly!
You are too injured to fight recklessly!
You are too injured to fight recklessly!
You are too injured to fight recklessly!
You are too injured to fight recklessly!
You scratch the ogre.
The ogre is lightly wounded.
An orc comes into view. It is wielding a +0 flail.
The orc wizard casts a spell.
The orc wizard flickers and vanishes for a moment.
The orc shouts!
You scratch the ogre.
The ogre is moderately wounded.
The ogre closely misses you.
An orc wizard comes into view. It is wielding a +0 dagger.
You claw the ogre!
The ogre is heavily wounded.
You scratch the ogre.
The ogre is severely wounded.
The ogre closely misses you.
The orc wizard casts a spell.
The orc wizard flickers and vanishes!
Deactivating autopickup; reactivate with Ctrl-A.
You scratch the ogre.
The ogre is almost dead.
The ogre hits you with a +0 giant club!
You die...

#....#.# #....#.#
#....#.# #.#.##.#
#<#.##.# ###....#
.......#
###....##############..#
#.............@Ooo...#
#...################{#
#...# #...# #...# #...#
#...# #...# #####


You could see an ogre, an orc wizard (invisible) and an orc.

Vanquished Creatures
  An orc priest (D:3)
  Terence (D:3)
  Robin (D:3)
  2 adders (D:2)
  3 dart slugs
  3 orcs (D:3)
  4 endoplasms
  12 goblins
  5 hobgoblins
  13 jackals
  2 quokkas
  4 ball pythons
  6 bats
  A frilled lizard (D:1)
  5 kobolds
  A rat (D:1)
  A spectral hobgoblin (D:3)
65 creatures vanquished.

Notes
Turn   | Place    | Note
-------+----------+-------------------------------------------
     0 | D:1      | stipulation the Ghoul Monk began the quest for the Orb.
     0 | D:1      | Reached XP level 1. HP: 19/19 MP: 1/1
   194 | D:1      | Reached XP level 2. HP: 26/26 MP: 2/2
   207 | D:1      | Reached skill level 4 in Unarmed Combat
   616 | D:1      | Reached XP level 3. HP: 31/31 MP: 3/3
  1068 | D:2      | Reached skill level 5 in Unarmed Combat
  1194 | D:2      | Reached XP level 4. HP: 38/38 MP: 4/4
  1684 | D:3      | Found an opulent altar of Gozag.
  1789 | D:3      | Noticed Robin
  1816 | D:3      | Killed Robin
  1880 | D:3      | Found a faded altar of an unknown god.
  2074 | D:3      | Reached skill level 6 in Unarmed Combat
  2074 | D:3      | Reached XP level 5. HP: 43/45 MP: 5/5
  2296 | D:3      | Noticed Terence
  2308 | D:3      | Killed Terence
  2765 | D:4      | Noticed an ogre
  2775 | D:4      | Slain by an ogre

Illustrated notes

Levels and vault maps discovered:
D:1:      erik_arrival_blinker_ship, layout_loops_ring,
          chequers_serial_rivers_micro_e
D:2:      layout_basic
D:3:      layout_basic, grunt_gozag_breadcrumbs,
          dreamdust_ecumenical_altar_drowned_temple, minmay_misc_feat_tower,
          uniq_ijyb, uniq_robin, uniq_terence
D:4:      layout_basic, mainiacjoe_overflow_24_doors,
          minmay_temple_entry_proselytizer, nicolae_ossuary_entry_giza

Skill      XL: |  1  2  3  4 |
---------------+-------------+-----
Unarmed Combat | 4 5 6 |  6.6
Fighting       | |  3.2
Dodging        | |  2.6

Action                     |  1- 3 |  4- 6 || total
---------------------------+-------+-------++-------
  Melee: Unarmed           |    78 |    66 ||   144
 Armour: Scale mail        |    50 |    45 ||    95
         Skin              |     3 |       ||     3
         Robe              |     2 |       ||     2
  Dodge: Dodged            |    39 |    37 ||    76
